 Dungeon Crawl Stone Soup version 0.31-a0-210-gccc998df9b (webtiles) character file.

Game seed: 2693573618310622882

32256 qw the Marksgargoyle (level 13, -12/84 HPs)
             Began as a Gargoyle Hexslinger on June 30, 2023.
             Was a High Priest of Okawaru.
             Mangled by a death yak (16 damage)
             ... on level 4 of the Lair of Beasts.
             The game lasted 00:05:57 (10185 turns).

qw the Marksgargoyle (Gargoyle Hexslinger)         Turns: 10185, Time: 00:05:58

Health: -12/84     AC: 22    Str: 12    XL:     13   Next: 63%
Magic:  14/20      EV: 19    Int: 15    God:    Okawaru [*****.]
Gold:   943        SH:  0    Dex: 19    Spells: 13/14 levels left

rFire   + . .        a - +0 longbow
rCold   . . .        (shield currently unavailable)
rNeg    + . .        s - +2 robe of the Solstice {rCorr Dex+3}
rPois   inf          r - +0 hat {Will+}
rElec   +            j - +0 cloak
rCorr   +            n - +1 pair of gloves
SInv    .            (no boots)
Will    +....        d - amulet of regeneration
Stlth   +++          f - ring of protection from fire
HPRegen 1.14/turn    e - +4 ring of protection
MPRegen 0.17/turn

%: no passive effects
@: about to teleport, heroic, finesse-ful, slowed, very slow
A: sickness immunity, AC +9, negative energy resistance 1, electricity
resistance, torment resistance 1, petrification resistance
a: Renounce Religion, Heroism, Finesse, Duel


You were on level 4 of the Lair of Beasts.
You worshipped Okawaru.
Okawaru was extremely pleased with you.
You visited 2 branches of the dungeon, and saw 13 of its levels.
You also visited: Sewer.

You collected 943 gold pieces.


Innate Abilities, Weirdness & Mutations

You are immune to sickness and miasma.
Your stone body is resilient. (AC +9)
You are immune to poison.
You resist negative energy. (rN+)
You are resistant to electric shocks. (rElec)
You are resistant to unholy torment.
You are immune to petrification.


   Skills:
 - Level 11.1(16.1) Fighting
 + Level 16.6(21.6) Ranged Weapons
 - Level 5.0(10.0) Armour
 - Level 6.0(11.0) Dodging
 - Level 1.0 Spellcasting
 - Level 2.6 Hexes
 - Level 10.0 Invocations


You had 13 spell levels left.
You knew the following spells:

 Your Spells              Type           Power      Damage    Failure   Level
a - Slow                  Hex            32%        N/A       9%          1

Your spell library contained the following spells:

 Spells                   Type           Power      Damage    Failure   Level
 Inner Flame              Hex/Fire       4%         N/A       38%         3
 Portal Projectile        Hex/Tloc       8%         N/A       38%         3
 Cause Fear               Hex            4%         N/A       63%         4

Inventory:

Hand Weapons
 a - a +0 longbow (weapon)
Armour
 g - a +0 helmet
 j - a +0 cloak (worn)
 n - a +1 pair of gloves (worn)
 r - a +0 hat of willpower (worn)
 s - the +2 robe of the Solstice (worn) {rCorr Dex+3}
   (You found it on level 2 of the Lair of Beasts)

   Dex:       It affects your dexterity (+3).
   rCorr:     It protects you from acid and corrosion.
Jewellery
 d - an amulet of regeneration (around neck)
 e - a +4 ring of protection (right hand)
 f - a ring of protection from fire (left hand)
 l - a ring of positive energy
 q - a ring of ice
Scrolls
 h - 2 scrolls of identify
 o - a scroll of teleportation
Potions
 b - 2 potions of enlightenment
 c - 3 potions of haste
 i - 4 potions of might
 k - 2 potions of resistance
 m - 5 potions of curing
 p - a potion of cancellation

Dungeon Overview and Level Annotations

Branches:
Dungeon (8/15)             Temple (0/1) D:6            Lair (5/5) D:8
  Swamp (0/4) Lair:2       Spider (0/4) Lair:3        Slime (0/5) Lair:4
  Sewer (visited)

Altars:
Cheibriados
Elyvilon
Gozag
Makhleb
Okawaru
Trog
Wu Jian
Yredelemnul
Jiyva

Shops:
D:6 [   D:7 :

Annotations:
Lair:4 2 transporters, qw's ghost, journeyman GrFi


Message History

Level annotation: 2 transporters, qw's ghost, journeyman GrFi
There is a stone staircase leading down here.
Enter note:
Enter note:
Enter note:
Enter note:
Enter note:
Enter note:
Enter note:
Enter note:
Enter note:
Enter note:
Enter note:
Enter note:
Enter note:
Enter note:
Enter note:
10181 ||| INVOKING Heroism.
You gain the combat prowess of a mighty hero.
The death yak misses you.
The death yak gores you but does no damage.
The torpor snail bites you. The death yak gores you!!
The death yak barely misses you.
10182 ||| READING 2 scrolls of teleportation.
As you read the scroll of teleportation, it crumbles to dust.
You feel strangely unstable. The torpor snail bites you!
The death yak gores you but does no damage. x2
You shoot an arrow.
The arrow hits the death yak but does no damage.
The death yak is lightly wounded.
The death yak barely misses you. The death yak misses you.
The torpor snail bites you.
You shoot an arrow. The arrow hits the death yak!
The death yak is moderately wounded.
You shoot an arrow.
The arrow hits the death yak but does no damage.
The death yak is moderately wounded.
The death yak completely misses you. The death yak gores you!
You die...

##.....^.###P.......
#^....%..# ####P'###
#####%#### ##..# #..##
#.## ##..# ##.P##
#.### #....#
######.#.### ###'###
##..Y.......# #P.....
#P...@w.....#####.....
#P....Y.....##.#......
##.........[....+.....
#...........####.....
###P#..#..### #.#...#
###.##...# ###..##
##.....## #..)#
#......# ##..##
##..###.# ##.P.#


You could see 2 death yaks and a torpor snail.

Vanquished Creatures
  Gastronok (D:8)
  Kirke (Lair:4)
  3 hydras
  A catoblepas (Lair:4)
  4 death yaks (Lair:5)
  A skyshark (Lair:4)
  Sonja (Lair:4)
  Amaemon (Lair:2)
  2 bog bodies (Lair:2)
  2 oklob plants (Lair:4)
  Maggie (D:8)
  3 black mambas
  An orange demon (Lair:2)
  7 cane toads
  A torpor snail (Lair:1)
  2 rime drakes
  4 komodo dragons
  A troll (D:8)
  A polar bear (Lair:1)
  11 dream sheep (Lair:4)
  18 blink frogs (Lair:2)
  2 humans (Lair:4)
  22 yaks
  A hog (Lair:4)
  2 redbacks (Lair:3)
  2 steam dragons
  A swamp worm (Lair:2)
  18 water moccasins
  An orc warrior (D:5)
  2 black bears
  2 ice beasts (D:8)
  15 wolves
  A centaur (D:6)
  3 phantoms
  2 kobold brigands (D:8)
  13 bullfrogs
  3 scorpions
  15 wights
  3 howler monkeys
  2 electric eels
  A gnoll bouda (D:7)
  An iron imp (D:6)
  12 hounds
  2 jellies
  Jessica (D:3)
  4 sleepcaps
  4 iguanas
  4 orc wizards
  A hell rat (Sewer)
  5 adders
  9 gnolls
  3 river rats
  2 shadow imps
  A white imp (D:5)
  2 ufetubi (D:4)
  3 worms
  2 dart slugs
  9 orcs
  4 endoplasms
  4 giant cockroaches
  7 goblins
  5 hobgoblins
  3 jackals (D:2)
  7 quokkas
  8 ball pythons
  3 bats
  9 kobolds
  12 rats
305 creatures vanquished.

Notes
Turn   | Place    | Note
-------+----------+-------------------------------------------
     0 | D:1      | qw the Gargoyle Hexslinger began the quest for the Orb.
     0 | D:1      | Reached XP level 1. HP: 12/12 MP: 2/2
     0 | D:1      | 0 ||| qw: Version: 0.3-a-26-gee661ec
     0 | D:1      | 0 ||| qw: Game counter: 7242
     0 | D:1      | 0 ||| qw: Melee chars always use a shield: true
     0 | D:1      | 0 ||| qw: God list: Okawaru
     0 | D:1      | 0 ||| qw: Allow faded altars: false
     0 | D:1      | 0 ||| qw: Do Orc after clearing Dungeon:15 true
     0 | D:1      | 0 ||| qw: Do second Lair branch before Depths: true
     0 | D:1      | 0 ||| qw: Lair rune preference: random
     0 | D:1      | 0 ||| qw: Goals: Normal
     0 | D:1      | 0 ||| PLANNING D:1-11
   104 | D:1      | Reached XP level 2. HP: 15/16 MP: 3/3
   611 | D:1      | 611 ||| UPGRADING to +0 leather armour.
   621 | D:1      | 621 ||| DROPPING +0 robe.
   622 | D:1      | 622 ||| UPGRADING to ring of protection from fire.
   623 | D:1      | 623 ||| READING 2 scrolls labelled COGIMEN SELAGH.
   624 | D:1      | 624 ||| READING scroll labelled ELULORGH COGA.
   625 | D:1      | 625 ||| READING scroll labelled UKHLOAF TOMOFIE.
   626 | D:1      | 626 ||| DROPPING scroll of revelation.
   627 | D:1      | 627 ||| DROPPING scroll of poison.
   636 | D:2      | 636 ||| STAIRDANCE
   641 | D:1      | Reached skill level 3 in Ranged Weapons
   707 | D:2      | 707 ||| FLEEEEING.
   708 | D:2      | 708 ||| FLEEEEING.
   709 | D:2      | 709 ||| FLEEEEING.
   710 | D:2      | 710 ||| FLEEEEING.
   821 | D:2      | Reached XP level 3. HP: 21/21 MP: 4/4
   825 | D:2      | Identified the +2 leather armour of the Wumpus {-Tele rCorr
                  | Slay+2}
   980 | D:2      | HP: 5/21 [jackal (2)]
  1329 | D:2      | 1329 ||| READING 2 scrolls labelled VUHOGI OZXI.
  1430 | D:2      | 1430 ||| READING scroll labelled PUKEOXK TOCVA.
  1431 | D:2      | 1431 ||| DRINKING 2 golden potions.
  1432 | D:2      | 1432 ||| DROPPING scroll of silence.
  1472 | D:3      | Noticed Jessica
  1476 | D:3      | Killed Jessica
  1477 | D:3      | Reached skill level 4 in Ranged Weapons
  1477 | D:3      | Reached XP level 4. HP: 26/26 MP: 5/5
  1627 | D:3      | Found an iron altar of Okawaru.
  1628 | D:3      | 1628 ||| PLANNING OKAWARU WORSHIP
  1636 | D:3      | Became a worshipper of Warmaster Okawaru
  1637 | D:3      | 1637 ||| PLANNING D:1-11
  2028 | D:3      | 2028 ||| UPGRADING to +0 ring mail.
  2038 | D:3      | 2038 ||| DROPPING +0 leather armour.
  2039 | D:3      | 2039 ||| DROPPING ring of magical power.
  2040 | D:3      | 2040 ||| READING scroll labelled VIYTUG OPAXO.
  2041 | D:3      | 2041 ||| READING 2 scrolls of identify.
  2041 | D:3      | 2041 ||| IDENTIFYING murky puce potion
  2114 | D:4      | Reached XP level 5. HP: 30/30 MP: 6/6
  2133 | D:4      | 2133 ||| Stepping ~*~*~tactically~*~*~ (outnumbered).
  2233 | D:4      | Reached skill level 5 in Ranged Weapons
  2356 | D:4      | Noticed a phantom
  2378 | D:4      | Killed a phantom
  2378 | D:4      | Reached * piety under Okawaru
  2379 | D:4      | Reached skill level 3 in Fighting
  2379 | D:4      | Reached XP level 6. HP: 23/37 MP: 7/7
  2544 | D:4      | 2544 ||| INVOKING Heroism.
  2574 | D:4      | 2574 ||| INVOKING Heroism.
  2924 | D:4      | Reached skill level 1 in Invocations
  3079 | D:4      | 3079 ||| READING scroll of enchant weapon.
  3079 | D:4      | 3079 ||| ENCHANTING +2 sling.
  3172 | D:4      | 3172 ||| UPGRADING to +0 cloak.
  3177 | D:4      | 3177 ||| UPGRADING to amulet of regeneration.
  3182 | D:4      | 3182 ||| READING scroll labelled MAOXUE MERESSO.
  3183 | D:4      | 3183 ||| READING 3 scrolls of identify.
  3183 | D:4      | 3183 ||| IDENTIFYING dark potion
  3184 | D:4      | 3184 ||| READING 2 scrolls of identify.
  3184 | D:4      | 3184 ||| IDENTIFYING white potion
  3185 | D:4      | 3185 ||| DROPPING potion of degeneration.
  3186 | D:4      | 3186 ||| DROPPING potion of attraction.
  3195 | D:5      | Entered Level 5 of the Dungeon
  3196 | D:5      | 3196 ||| PLANNING SEWER
  3226 | D:5      | 3226 ||| FLEEEEING.
  3230 | D:5      | 3230 ||| FLEEEEING.
  3233 | D:5      | 3233 ||| FLEEEEING.
  3234 | D:5      | 3234 ||| FLEEEEING.
  3235 | D:5      | 3235 ||| STAIRDANCE
  3245 | D:5      | 3245 ||| STAIRDANCE
  3278 | D:5      | Noticed a black bear
  3279 | D:5      | 3279 ||| INVOKING Heroism.
  3287 | D:5      | Killed a black bear
  3288 | D:5      | Reached skill level 6 in Ranged Weapons
  3288 | D:5      | Reached XP level 7. HP: 41/41 MP: 5/8
  3409 | D:5      | 3409 ||| READING scroll of enchant weapon.
  3409 | D:5      | 3409 ||| ENCHANTING +3 sling.
  3416 | D:5      | Found a glowing drain.
  3472 | D:5      | 3472 ||| READING scroll of enchant weapon.
  3472 | D:5      | 3472 ||| ENCHANTING +4 sling.
  3672 | D:5      | 3672 ||| INVOKING Heroism.
  3676 | D:5      | Reached skill level 3 in Invocations
  3690 | D:5      | 3690 ||| UPGRADING to +4 ring of protection.
  3691 | D:5      | 3691 ||| READING scroll labelled MAGIOROUKA.
  3695 | D:5      | 3695 ||| READING scroll labelled DYMPYE ALON.
  3696 | D:5      | 3696 ||| READING scroll labelled MEUCRI VOKI.
  3766 | Sewer    | Entered a sewer
  3781 | Sewer    | 3781 ||| Stepping ~*~*~tactically~*~*~ (water).
  3783 | Sewer    | 3783 ||| Stepping ~*~*~tactically~*~*~ (water).
  3790 | Sewer    | 3790 ||| Stepping ~*~*~tactically~*~*~ (water).
  3849 | Sewer    | 3849 ||| READING scroll labelled FOURETOSOPS.
  3850 | Sewer    | 3850 ||| READING scroll labelled VICAAX COTY.
  3851 | Sewer    | 3851 ||| READING 2 scrolls of identify.
  3851 | Sewer    | 3851 ||| IDENTIFYING grey potion
  3852 | Sewer    | 3852 ||| DROPPING potion of ambrosia.
  3860 | D:5      | 3860 ||| PLANNING D:1-11
  3970 | D:5      | 3970 ||| INVOKING Heroism.
  3993 | D:5      | 3993 ||| INVOKING Heroism.
  3999 | D:5      | Reached skill level 7 in Ranged Weapons
  3999 | D:5      | Reached XP level 8. HP: 36/48 MP: 7/10
  4198 | D:6      | 4198 ||| INVOKING Heroism.
  4228 | D:6      | Reached skill level 8 in Ranged Weapons
  4250 | D:6      | Found an opulent altar of Gozag.
  4290 | D:6      | 4290 ||| INVOKING Heroism.
  4383 | D:6      | Found Ackough's Antique Armour Shoppe.
  4384 | D:6      | 4384 ||| SWAPPING to +0 orcbow.
  4385 | D:6      | 4385 ||| DROPPING +5 sling.
  4441 | D:6      | Reached ** piety under Okawaru
  4583 | D:6      | Reached skill level 9 in Ranged Weapons
  4583 | D:6      | Reached XP level 9. HP: 46/54 MP: 12/12
  4585 | D:6      | 4585 ||| INVOKING Heroism.
  4611 | D:6      | 4611 ||| INVOKING Heroism.
  4654 | D:6      | Found a snail-covered altar of Cheibriados.
  4658 | D:6      | Reached skill level 6 in Fighting
  4695 | D:6      | Found a staircase to the Ecumenical Temple.
  4780 | D:6      | 4780 ||| DROPPING scarf of shadows.
  4781 | D:6      | 4781 ||| READING scroll labelled ULITEE WESUTA.
  4782 | D:6      | 4782 ||| DRINKING 2 brown potions.
  4783 | D:6      | 4783 ||| READING 3 scrolls of identify.
  4783 | D:6      | 4783 ||| IDENTIFYING inky potion
  4784 | D:6      | 4784 ||| READING 2 scrolls of identify.
  4784 | D:6      | 4784 ||| IDENTIFYING purple potion
  4834 | D:7      | Found Jongujoa's Book Boutique.
  4858 | D:7      | 4858 ||| INVOKING Heroism.
  4867 | D:7      | Reached skill level 10 in Ranged Weapons
  4877 | D:7      | Found a burning altar of Makhleb.
  4879 | D:7      | Found an ornate altar of the Wu Jian Council.
  5176 | D:7      | Reached *** piety under Okawaru
  5425 | D:7      | 5425 ||| INVOKING Heroism.
  5426 | D:7      | 5426 ||| Stepping ~*~*~tactically~*~*~ (outnumbered).
  5436 | D:7      | 5436 ||| Stepping ~*~*~tactically~*~*~ (outnumbered).
  5501 | D:7      | 5501 ||| UPGRADING to +0 pair of gloves.
  5506 | D:7      | 5506 ||| UPGRADING to +0 steam dragon scales.
  5516 | D:7      | 5516 ||| DROPPING +0 ring mail.
  5517 | D:7      | 5517 ||| DRINKING 2 green potions.
  5545 | D:8      | 5545 ||| READING scroll of enchant weapon.
  5545 | D:8      | 5545 ||| ENCHANTING +0 orcbow.
  5554 | D:8      | Noticed Maggie
  5560 | D:8      | Reached skill level 3 in Dodging
  5565 | D:8      | 5565 ||| INVOKING Heroism.
  5573 | D:8      | Killed Maggie
  5574 | D:8      | Reached XP level 10. HP: 32/63 MP: 10/13
  5634 | D:8      | Reached skill level 11 in Ranged Weapons
  5655 | D:8      | Found a basalt altar of Yredelemnul.
  5682 | D:8      | Found a bloodstained altar of Trog.
  5742 | D:8      | 5742 ||| INVOKING Heroism.
  5770 | D:8      | Found a staircase to the Lair.
  5772 | D:8      | 5772 ||| INVOKING Heroism.
  5791 | D:8      | 5791 ||| Stepping ~*~*~tactically~*~*~ (water).
  6018 | D:8      | Found a white marble altar of Elyvilon.
  6161 | D:8      | Noticed Gastronok
  6162 | D:8      | 6162 ||| INVOKING Heroism.
  6177 | D:8      | HP: 12/64 [Gastronok (18)]
  6178 | D:8      | 6178 ||| READING scroll of teleportation.
  6297 | D:8      | 6297 ||| STAIRDANCE
  6305 | D:7      | 6305 ||| UPGRADING to +0 acid dragon scales.
  6315 | D:7      | 6315 ||| DROPPING amulet of magic regeneration.
  6316 | D:7      | 6316 ||| READING scroll labelled XYETERH SOIMNO.
  6317 | D:7      | 6317 ||| READING scroll labelled HEROPPEORPH.
  6320 | D:8      | 6320 ||| INVOKING Heroism.
  6328 | D:8      | Killed Gastronok
  6328 | D:8      | Reached **** piety under Okawaru
  6329 | D:8      | Reached skill level 12 in Ranged Weapons
  6348 | D:8      | 6348 ||| PLANNING LAIR
  6348 | D:8      | 6348 ||| UPGRADING to +0 hat of willpower.
  6392 | Lair:1   | Entered Level 1 of the Lair of Beasts
  6441 | Lair:1   | Noticed a black mamba
  6442 | Lair:1   | 6442 ||| INVOKING Heroism.
  6446 | Lair:1   | Killed a black mamba
  6447 | Lair:1   | Reached XP level 11. HP: 68/68 MP: 11/14
  6462 | Lair:1   | 6462 ||| INVOKING Heroism.
  6468 | Lair:1   | Reached skill level 13 in Ranged Weapons
  6481 | Lair:1   | Reached skill level 6 in Invocations
  6664 | Lair:1   | Reached ***** piety under Okawaru
  6699 | Lair:1   | 6699 ||| READING scroll of enchant weapon.
  6699 | Lair:1   | 6699 ||| ENCHANTING +1 orcbow of freezing.
  7076 | Lair:1   | 7076 ||| READING 3 scrolls of identify.
  7076 | Lair:1   | 7076 ||| IDENTIFYING smoky sapphire potion
  7077 | Lair:1   | 7077 ||| DROPPING potion of lignification.
  7171 | Lair:2   | 7171 ||| INVOKING Heroism.
  7202 | Lair:2   | 7202 ||| INVOKING Heroism.
  7208 | Lair:2   | Reached skill level 9 in Fighting
  7312 | Lair:2   | 7312 ||| INVOKING Heroism.
  7321 | Lair:2   | Received a gift from Okawaru
  7357 | Lair:2   | 7357 ||| INVOKING Heroism.
  7369 | Lair:2   | Identified the +2 scale mail "Nafirchi" {rElec} (Okawaru
                  | gifted it to you on level 2 of the Lair of Beasts)
  7369 | Lair:2   | Received a gift from Okawaru
  7409 | Lair:2   | Reached skill level 9 in Invocations
  7416 | Lair:2   | Noticed Amaemon
  7417 | Lair:2   | 7417 ||| INVOKING Heroism.
  7430 | Lair:2   | Killed Amaemon
  7431 | Lair:2   | Reached XP level 12. HP: 76/76 MP: 16/18
  7444 | Lair:2   | Identified the +2 robe of the Solstice {rCorr Dex+3}
  7467 | Lair:2   | 7467 ||| INVOKING Heroism.
  7480 | Lair:2   | Reached skill level 14 in Ranged Weapons
  7492 | Lair:2   | 7492 ||| INVOKING Heroism.
  7554 | Lair:2   | 7554 ||| STAIRDANCE
  7558 | Lair:1   | 7558 ||| INVOKING Heroism.
  7587 | Lair:1   | 7587 ||| DROPPING +2 leather armour of the Wumpus {-Tele
                  | rCorr Slay+2}.
  7588 | Lair:1   | 7588 ||| DROPPING +0 steam dragon scales.
  7589 | Lair:1   | 7589 ||| UPGRADING to +2 robe of the Solstice {rCorr
                  | Dex+3}.
  7599 | Lair:1   | 7599 ||| DROPPING +0 acid dragon scales.
  7733 | Lair:2   | 7733 ||| INVOKING Heroism.
  7798 | Lair:2   | 7798 ||| INVOKING Heroism.
  7887 | Lair:2   | Found a staircase to the Swamp.
  7888 | Lair:2   | 7888 ||| INVOKING Heroism.
  8253 | Lair:3   | 8253 ||| INVOKING Heroism.
  8283 | Lair:3   | Found a hole to the Spider Nest.
  8894 | Lair:3   | 8894 ||| DROPPING amulet of the acrobat.
  8932 | Lair:4   | Found a transporter.
  8937 | Lair:4   | Noticed a five-headed hydra
  8938 | Lair:4   | 8938 ||| INVOKING Heroism.
  8940 | Lair:4   | Noticed qw's ghost (journeyman GrFi)
  8945 | Lair:4   | Killed a five-headed hydra
  8946 | Lair:4   | Reached skill level 15 in Ranged Weapons
  8981 | Lair:4   | Noticed Kirke
  8982 | Lair:4   | 8982 ||| INVOKING Heroism.
  8983 | Lair:4   | 8983 ||| INVOKING Finesse.
  8996 | Lair:4   | Killed Kirke
  9008 | Lair:4   | Reached XP level 13. HP: 79/82 MP: 13/20
  9103 | Lair:4   | 9103 ||| SWAPPING to +0 longbow.
  9110 | Lair:4   | 9110 ||| DROPPING +2 orcbow of freezing.
  9164 | Lair:4   | Found a transporter.
  9299 | Lair:4   | 9299 ||| READING scroll of enchant armour.
  9299 | Lair:4   | 9299 ||| ENCHANTING +0 pair of gloves.
  9362 | Lair:4   | 9362 ||| INVOKING Heroism.
  9445 | Lair:4   | Noticed Sonja
  9446 | Lair:4   | 9446 ||| INVOKING Finesse.
  9469 | Lair:4   | Killed Sonja
  9470 | Lair:4   | Reached skill level 16 in Ranged Weapons
  9499 | Lair:4   | 9499 ||| INVOKING Heroism.
  9558 | Lair:4   | Found a viscous altar of Jiyva.
  9559 | Lair:4   | 9559 ||| FLEEEEING.
  9702 | Lair:4   | Reached skill level 6 in Dodging
  9753 | Lair:4   | 9753 ||| INVOKING Heroism.
  9783 | Lair:4   | Found a staircase to the Slime Pits.
  9784 | Lair:4   | 9784 ||| INVOKING Heroism.
 10097 | Lair:5   | Entered Level 5 of the Lair of Beasts
 10098 | Lair:5   | 10098 ||| INVOKING Heroism.
 10108 | Lair:5   | 10108 ||| INVOKING Finesse.
 10149 | Lair:5   | Received a gift from Okawaru
 10165 | Lair:5   | 10165 ||| INVOKING Finesse.
 10179 | Lair:5   | 10179 ||| STAIRDANCE
 10181 | Lair:4   | 10181 ||| INVOKING Heroism.
 10181 | Lair:4   | HP: 18/84 [death yak (20)]
 10182 | Lair:4   | 10182 ||| READING 2 scrolls of teleportation.
 10182 | Lair:4   | HP: 8/84 [torpor snail (12)]
 10183 | Lair:4   | HP: 3/84 [torpor snail (5)]
 10185 | Lair:4   | Mangled by a death yak

Levels and vault maps discovered:
D:1:      wheals_arrival_shading, layout_basic, minmay_tiny_reverse_x
D:2:      layout_basic
D:3:      layout_loops_ring, overflow_temple_1_default, uniq_jessica
D:4:      layout_loops_corners
D:5:      layout_loops_ring, portal_sewer_entry_c
D:6:      layout_basic, lemuel_crystal_altar, slow_altar_1,
          minmay_temple_entry_antechambers, serial_shops, shop,
          serial_corexii_hall, chequers_hall_statues_wall_a,
          corexii_hall_statues_l
D:7:      layout_basic, jmf_multi_god_temple, serial_shops, shop
D:8:      layout_basic, mainiacjoe_overflow_paths, overflow_temple_1_default,
          lemuel_crystal_altar, erik_lair_island, uniq_gastronok, uniq_maggie
Lair:1:   layout_chaotic_city
Lair:2:   beast_lair_carwin_large_3, layout_chaotic_city,
          nicolae_swamp_entry_splash_gauntlet, grunt_megastairs_2, uniq_amaemon
Lair:3:   layout_chaotic_city, spider_nest_entry_a
Lair:4:   layout_roguey, minmay_slime_entry_oklob_enclosed,
          gammafunk_ghost_arena, uniq_sonja, uniq_kirke
Lair:5:   minmay_lair_end_frog_pond, layout_cave_pods

Skill      XL: |  1  2  3  4  5  6  7  8  9 10 11 12 13 |
---------------+----------------------------------------+-----
Ranged Weapons | 3 4 5 6 7 9 10 12 13 15 16 | 16.6
Fighting       | 2 3 4 5 7 8 9 10 11 | 11.1
Armour         | 2 4 5 |  5.0
Invocations    | 1 3 4 5 9 10 | 10.0
Dodging        | 3 4 5 6 |  6.0
Spellcasting   | |  1.0
Hexes          | |  2.6

Action                     |  1- 3 |  4- 6 |  7- 9 | 10-12 | 13-15 || total
---------------------------+-------+-------+-------+-------+-------++-------
   Fire: Sling             |   115 |   183 |   205 |       |       ||   503
         Orcbow            |       |       |   208 |   649 |    15 ||   872
         Longbow           |       |       |       |       |   164 ||   164
 Invoke: Heroism           |       |     3 |    10 |    20 |     6 ||    39
         Finesse           |       |       |       |     1 |     3 ||     4
    Use: Scroll            |     5 |     6 |    12 |     5 |     2 ||    30
         Potion            |     1 |       |     2 |       |       ||     3
 Armour: Robe              |     8 |       |       |     7 |    30 ||    45
         Leather armour    |    26 |    10 |       |       |       ||    36
         Ring mail         |       |    38 |   160 |       |       ||   198
         Steam dragon scal |       |       |     3 |    47 |       ||    50
         Acid dragon scale |       |       |       |    82 |       ||    82
  Dodge: Dodged            |    62 |    73 |   179 |   175 |    44 ||   533

Table legend:
 A = Non-vault XP
 B = Vault XP
 C = Vault XP percentage of total XP
 D = Non-vault monster count
 E = Vault monster count
 F = Vault count percentage of total count
                 A         B        C        D         E       F
            +---------+---------+-------+---------+---------+-------
      Total |   33756 |   12324 |  26.7 |     243 |      60 |  19.8
            +---------+---------+-------+---------+---------+-------
        D:1 |      18 |       3 |  14.3 |      10 |       2 |  16.7
        D:2 |      51 |       0 |   0.0 |      20 |       0 |   0.0
        D:3 |      39 |      37 |  48.7 |      13 |       1 |   7.1
        D:4 |     418 |       0 |   0.0 |      18 |       0 |   0.0
        D:5 |     673 |      34 |   4.8 |      14 |       6 |  30.0
        D:6 |    1455 |      44 |   2.9 |      27 |       1 |   3.6
        D:7 |    1224 |     120 |   8.9 |      15 |       2 |  11.8
        D:8 |    1471 |    2831 |  65.8 |      27 |      10 |  27.0
     Lair:1 |    3759 |       0 |   0.0 |      17 |       0 |   0.0
     Lair:2 |    7823 |    5276 |  40.3 |      34 |      23 |  40.4
     Lair:3 |    3155 |     362 |  10.3 |      15 |       2 |  11.8
     Lair:4 |    7282 |    3565 |  32.9 |      23 |       5 |  17.9
     Lair:5 |    6388 |       0 |   0.0 |      10 |       0 |   0.0
      Sewer |       0 |      52 | 100.0 |       0 |       8 | 100.0
            +---------+---------+-------+---------+---------+-------
